 Dungeon Crawl Stone Soup version 0.29.1-15-g9cfb28693d (webtiles) character file.

Game seed: 11760496550539846797

3536 Tirrikindir the Carver (level 10, -8/65 HPs)
             Began as an Octopode Fighter on Apr 15, 2023.
             Was an Elder of Wu Jian.
             Mangled by a wyvern (17 damage)
             ... on level 8 of the Dungeon.
             The game lasted 00:24:43 (6456 turns).

Tirrikindir the Carver (Octopode Fighter)           Turns: 6456, Time: 00:24:46

Health: -8/65      AC:  2    Str: 17    XL:     10   Next: 8%
Magic:  12/12      EV: 14    Int: 12    God:    Wu Jian [****..]
Gold:   78         SH:  6    Dex: 13    Spells: 11/11 levels left

rFire   . . .      SeeInvis .   D - +0 double sword
rCold   . . .      Faith    .   b - +1 buckler
rNeg    . . .      Spirit   .   v - +1 hat
rPois   .          Reflect  .   k - amulet of regeneration
rElec   .          Harm     .   h - ring of willpower
rCorr   .          Rampage  .   (no ring)
Will    +....                   (no ring)
Stlth   ++++......              (no ring)
HPRegen 1.00/turn               (no ring)
MPRegen 0.13/turn               (no ring)
                                (no ring)
                                (no ring)

@: lethally poisoned (-8 -> -9)
A: almost no armour, amphibious, 8 rings, camouflage 1, gelatinous body 1,
(nimble swimmer 1), tentacles
a: Renounce Religion, Wall Jump, Serpent's Lash


You were on level 8 of the Dungeon.
You worshipped Wu Jian.
Wu Jian was greatly pleased with you.
You visited 2 branches of the dungeon, and saw 9 of its levels.
You also visited: Sewer.

You collected 492 gold pieces.
You spent 414 gold pieces at shops.

Inventory:

Hand Weapons
 B - a +0 dagger of electrocution
 D - a +0 double sword (weapon)
Missiles
 x - 9 poisoned darts (quivered)
 G - a throwing net
Armour
 b - a +1 buckler (worn)
 v - a +1 hat (worn)
Jewellery
 h - a ring of willpower (left tentacle)
 k - an amulet of regeneration (around mantle)
Wands
 a - a wand of charming (3)
 C - a wand of digging (6)
Scrolls
 f - 2 scrolls of poison
 i - a scroll of summoning
 j - 2 scrolls of enchant armour
 l - 3 scrolls of teleportation
 m - a scroll of identify
 n - a scroll of magic mapping
 o - 2 scrolls of butterflies
 p - a scroll of acquirement {unknown}
 q - 4 scrolls of amnesia
 r - a scroll of immolation {unknown}
 y - a scroll of torment {unknown}
 A - 2 scrolls of brand weapon
 F - a scroll of fear {unknown}
Potions
 c - a potion of might
 d - 2 potions of magic
 e - 2 potions of lignification
 g - a potion of invisibility
 s - a potion of flight
 t - 4 potions of curing
 u - 3 potions of brilliance
 w - 3 potions of heal wounds
 z - a potion of resistance
 E - a potion of mutation {unknown}


   Skills:
 * Level 4.9 Fighting
 * Level 10.4 Long Blades
 + Level 3.5 Throwing
 * Level 4.8 Dodging
 * Level 7.2 Stealth
 * Level 4.9 Shields
 + Level 1.4 Spellcasting
 + Level 1.8 Evocations


You had 11 spell levels left.
You didn't know any spells.
Your spell library contained the following spells:

 Spells                   Type           Power      Damage    Failure   Level
 Apportation              Tloc           0%         N/A       36%         1
 Call Canine Familiar     Summ           0%         N/A       73%         3
 Portal Projectile        Hex/Tloc       0%         N/A       73%         3
 Leda's Liquefaction      Hex/Erth       0%         N/A       98%         4
 Alistair's Intoxication  Tmut/Pois      0%         N/A       100%        5


Dungeon Overview and Level Annotations

Branches:
Dungeon (8/15)             Temple (1/1) D:7           Sewer (visited)
   Lair: D:8-11

Altars:
Ashenzari
Cheibriados
Dithmenos
Elyvilon
Fedhas
Gozag
Hepliaklqana
Kikubaaqudgha
Makhleb
Nemelex Xobeh
Okawaru
Qazlal
Ru
Sif Muna
Trog
Uskayaw
Vehumet
Wu Jian
Xom
Yredelemnul
The Shining One

Shops:
D:4 *   D:5 =   D:7 *   D:8 ?


Innate Abilities, Weirdness & Mutations

You cannot wear most types of armour.
You are amphibious.
You can wear up to eight rings at the same time.
Your skin changes colour to match your surroundings (Stealth+).
Your rubbery body absorbs attacks. (AC +1, EV +1)
((You are camouflaged when in or above water. (Stealth+)))
You have tentacles for arms and can constrict up to eight enemies at once.


Message History

The puff of flame hits you!
You slash something! The Council accepts your kill.
Reactivating autopickup.
You feel a bit more experienced.
You constrict the orc.
You kill the orc!
The Council accepts your kill. The water moccasin bites you!
Things that are here:
a +0 trident; a +0 leather armour; an orc corpse You miss the water moccasin.
Your grab misses the water moccasin. Your squeeze misses the water moccasin.
The water moccasin closely misses you.
The water moccasin completely misses you.
The wyvern bites you!
You closely miss the wyvern. The water moccasin bites you!
You are poisoned.
The water moccasin poisons you! The wyvern bites you.
* * * LOW HITPOINT WARNING * * *
As you read the scroll of teleportation, it crumbles to dust.
You feel strangely unstable.
You feel very sick.
A wyvern comes into view.
The wyvern misses you. You block the water moccasin's attack.
The water moccasin bites you!
* * * LOW HITPOINT WARNING * * *
The wyvern barely misses you.
You feel much better.
You feel very sick. You block the wyvern's attack.
You block the water moccasin's attack.
You closely miss the water moccasin. Your grab misses the water moccasin.
Your surroundings suddenly seem different.
A wyvern comes into view.
You feel sick.
The helpless wyvern fails to defend itself.
You slash the wyvern!
The wyvern is moderately wounded.
You feel sick. The wyvern bites you!
* * * LOW HITPOINT WARNING * * *
The wyvern bites you!
You die...

###### #### ... ##.#..##
#.@###..#
##......####.l........
#......###.##.......##
##.....#...####....##
##...##............##
#.....#.............#
###..##.∩....?<).......
##...#.................#
#....#...........###...


You could see a wyvern.

Vanquished Creatures
  A deep elf zephyrmancer (D:7)
  A yak (D:8)
  A steam dragon (D:8)
  An acid dragon (D:8)
  A water moccasin (D:8)
  A sky beast (D:7)
  2 black bears
  2 ice beasts (D:5)
  An ogre (D:5)
  A centaur (D:7)
  3 phantoms
  A kobold brigand (D:5)
  2 necrophages
  2 bullfrogs
  A scorpion (D:6)
  A wyvern skeleton (D:6)
  A water moccasin zombie (D:6)
  4 wights (D:7)
  2 howler monkeys (D:6)
  2 centaur zombies (D:6)
  3 hounds
  4 jellies
  An orc priest (D:5)
  A centaur skeleton (D:6)
  Natasha (thrice) (D:3)
  2 iguanas
  9 orc wizards
  9 gnolls
  9 adders
  3 river rats
  2 shadow imps (D:7)
  2 white imps
  An ufetubus (D:4)
  4 worms
  2 dart slugs
  17 orcs
  6 bats
  5 endoplasms
  4 giant cockroaches
  7 goblins
  2 hobgoblins
  5 quokkas
  8 ball pythons
  5 frilled lizards
  10 kobolds
  7 rats
162 creatures vanquished.

Vanquished Creatures (others)
  4 plants (D:3)
4 creatures vanquished.

Grand Total: 166 creatures vanquished

Notes
Turn   | Place    | Note
-------+----------+-------------------------------------------
     0 | D:1      | Tirrikindir the Octopode Fighter began the quest for the
                  | Orb.
     0 | D:1      | Reached XP level 1. HP: 16/16 MP: 1/1
   327 | D:1      | Found a faded altar of an unknown god.
   337 | D:1      | Prayed at the altar of an unknown god.
   337 | D:1      | Became a worshipper of the Wu Jian Council
   337 | D:1      | Reached * piety under Wu Jian
   352 | D:1      | Reached XP level 2. HP: 21/21 MP: 2/2
   720 | D:2      | Reached skill level 1 in Stealth
   726 | D:2      | Reached XP level 3. HP: 6/26 MP: 3/3
   733 | D:2      | HP: 1/26 [gnoll/+0 spear (6)]
  1987 | D:3      | Reached XP level 4. HP: 25/31 MP: 4/4
  2048 | D:3      | Found a glowing drain.
  2053 | Sewer    | Entered a sewer
  2157 | Sewer    | Reached skill level 3 in Long Blades
  2157 | Sewer    | Reached XP level 5. HP: 22/36 MP: 5/5
  2205 | Sewer    | Reached ** piety under Wu Jian
  2355 | D:3      | Noticed Natasha
  2376 | D:3      | Killed Natasha
  2435 | D:3      | Noticed Natasha
  2440 | D:3      | Killed Natasha
  2441 | D:3      | Reached XP level 6. HP: 39/42 MP: 6/6
  2601 | D:3      | Noticed Natasha
  2610 | D:3      | Killed Natasha
  3268 | D:4      | Reached skill level 4 in Long Blades
  3268 | D:4      | Reached skill level 1 in Throwing
  3328 | D:4      | Reached XP level 7. HP: 36/47 MP: 7/7
  3440 | D:4      | Found Josket's Lightly-Used Armoury.
  3534 | D:4      | Reached *** piety under Wu Jian
  3544 | D:4      | Reached skill level 5 in Stealth
  3711 | D:5      | Entered Level 5 of the Dungeon
  3807 | D:5      | Found Anuut's Jewellery Shoppe.
  3842 | D:5      | Reached skill level 5 in Long Blades
  3848 | D:5      | Reached XP level 8. HP: 27/54 MP: 8/8
  3990 | D:5      | Reached skill level 6 in Long Blades
  4074 | D:4      | Bought a -1 double sword for 100 gold pieces
  4570 | D:6      | Reached skill level 7 in Long Blades
  4778 | D:6      | Reached skill level 8 in Long Blades
  4838 | D:6      | Reached XP level 9. HP: 45/58 MP: 9/9
  4928 | D:6      | Reached skill level 9 in Long Blades
  4963 | D:6      | Reached **** piety under Wu Jian
  5214 | D:7      | Noticed a deep elf zephyrmancer
  5219 | D:7      | Killed a deep elf zephyrmancer
  5220 | D:7      | Reached skill level 10 in Long Blades
  5268 | D:7      | Found a staircase to the Ecumenical Temple.
  5277 | Temple   | Entered the Ecumenical Temple
  5666 | D:7      | Reached skill level 1 in Evocations
  5834 | D:7      | Reached skill level 1 in Spellcasting
  5952 | D:7      | Found an opulent altar of Gozag.
  5958 | D:7      | Found Gozag's Platinum Reserve.
  6161 | D:8      | Found Muacuth's Magic Scroll Shoppe.
  6172 | D:8      | Bought a scroll of identify for 30 gold pieces
  6172 | D:8      | Bought a scroll of identify for 30 gold pieces
  6172 | D:8      | Bought a scroll of enchant armour for 112 gold pieces
  6172 | D:8      | Bought a scroll of brand weapon for 142 gold pieces
  6317 | D:8      | Reached XP level 10. HP: 65/65 MP: 10/12
  6456 | D:8      | Mangled by a wyvern

Illustrated notes

Levels and vault maps discovered:
D:1:      ebering_hopf_link, layout_loops_cross,
          dreamdust_ecumenical_altar_statues
D:2:      layout_basic, grunt_ministairs_11, nrook_loot_triangle
D:3:      layout_rooms, lightli_sewer_entry_pipes, serial_bayou_pond_b,
          uniq_natasha
D:4:      layout_gridville, serial_bayou_pond_e, minmay_shop_damaged
D:5:      layout_loops_ring, serial_shops, shop
D:6:      layout_cave_pools, serial_undead, serial_undead_b, serial_undead_f,
          serial_undead_e, serial_undead_a
D:7:      layout_loops_cross, nicolae_gozag_zags_fifth_avenue,
          lemuel_temple_firewalk_b, guppyfry_early_elven_hall
D:8:      layout_cave_pools, minmay_lair_entry_grove, serial_shops, shop,
          uniq_erica
Temple:   nicolae_temple_slightly_damp_pantheon

Skill      XL: |  1  2  3  4  5  6  7  8  9 |
---------------+----------------------------+-----
Stealth        | 1 2 3 4 6 7 |  7.2
Long Blades    | 3 4 5 8 10 | 10.4
Dodging        | 4 |  4.8
Shields        | 4 |  4.9
Throwing       | 1 2 3 |  3.5
Fighting       | 4 |  4.9
Evocations     | 1 |  1.8
Spellcasting   | 1 |  1.4

Action                   |  1- 3 |  4- 6 |  7- 9 | 10-12 || total
-------------------------+-------+-------+-------+-------++-------
Melee: Long sword        |    50 |   137 |    73 |       ||   260
       Constrict         |    10 |    32 |    39 |     4 ||    85
       Tentacles         |     9 |    19 |    54 |     5 ||    87
       Punch             |       |     2 |     2 |     1 ||     5
       Double sword      |       |       |   138 |    19 ||   157
Throw: Dart              |       |     1 |    21 |     9 ||    31
Invok: Lunge             |     9 |    15 |    17 |       ||    41
       Whirlwind         |     3 |       |     5 |       ||     8
       Serpent's Lash    |       |       |     1 |       ||     1
  Use: Scroll            |     6 |     2 |    10 |     1 ||    19
       Potion            |     1 |     1 |     3 |     1 ||     6
 Stab: Sleeping          |     7 |    17 |    13 |     1 ||    38
Armor: Skin              |     5 |     7 |    25 |       ||    37
Dodge: Dodged            |    26 |    71 |   106 |    11 ||   214
Block: Buckler           |     8 |    23 |    48 |    10 ||    89
